TOP OF THE 1ST |
Albuquerque Isotopes batting - Pitching for New Orleans Zephyrs : RHP Earl Shepherd
|
Pitching: RHP Earl Shepherd
|
|
Batting: RHB Jason Gee
|
0-0: Ball 1-0: Foul Ball, location: 2F 1-1: Ball 2-1: Ground out 5-3 (Groundball, 5S, EV 85.0 MPH)
|
Batting: LHB Alan Bianchard
|
0-0: Ground out U3 (Groundball, 3S, EV 84.4 MPH)
|
Batting: RHB Ron Johansen
|
0-0: Foul Ball, location: 2F 0-1: Ball 1-1: Foul Ball, location: 2F 1-2: Ball 2-2: Strikes out swinging
|
Top of the 1st over - 0 runs, 0 hits, 0 errors, 0 left on base; Albuquerque 0 - New Orleans 0 |
BOTTOM OF THE 1ST |
New Orleans Zephyrs batting - Pitching for Albuquerque Isotopes : RHP Travis Southern
|
Pitching: RHP Travis Southern
|
|
Batting: RHB J.J. Barajas
|
0-0: Ground out 4-3 (Groundball, 4S, EV 89.4 MPH)
|
Batting: LHB Carlos Mosqueda
|
0-0: SINGLE (Groundball, 4MD, EV 101.2 MPH)
|
Batting: RHB Alex Gomez
|
0-0: Called Strike 0-1: Swinging Strike 0-2: Ball 1-2: Ball Wild Pitch! Carlos Mosqueda to second 2-2: Ball 3-2: Strikes out swinging
|
Batting: RHB Alex Ramirez
|
0-0: Called Strike 0-1: Foul Ball, location: 2F 0-2: Ball 1-2: Ball 2-2: Strikes out swinging
|
Bottom of the 1st over - 0 runs, 1 hit, 0 errors, 1 left on base; Albuquerque 0 - New Orleans 0 |
TOP OF THE 2ND |
Albuquerque Isotopes batting - Pitching for New Orleans Zephyrs : RHP Earl Shepherd
|
Batting: LHB Katsunan Akimoto
|
0-0: Called Strike 0-1: Ball 1-1: Ball 2-1: Ball 3-1: Foul Ball, location: 2F 3-2: Base on Balls
|
Batting: LHB Tetsuya Oba
|
0-0: Ball 1-0: Swinging Strike 1-1: Called Strike 1-2: Foul Ball, location: 2F 1-2: Strikes out swinging
|
Batting: RHB Mike Ball
|
0-0: Called Strike 0-1: DOUBLE (Flyball, 7LD, EV 100.6 MPH) Katsunan Akimoto to third
|
Batting: RHB Carlos Salazar
|
0-0: Foul Ball, location: 2F 0-1: Ball 1-1: Foul Ball, location: 2F 1-2: Foul Ball, location: 2F 1-2: Foul Ball, location: 2F 1-2: Ball 2-2: Ball 3-2: Strikes out looking
|
Batting: RHB Bobby Heagle
|
0-0: Ball 1-0: Swinging Strike 1-1: Ball 2-1: Fly out, F8 (Flyball, 8RS, EV 86.2 MPH)
|
Top of the 2nd over - 0 runs, 1 hit, 0 errors, 2 left on base; Albuquerque 0 - New Orleans 0 |
BOTTOM OF THE 2ND |
New Orleans Zephyrs batting - Pitching for Albuquerque Isotopes : RHP Travis Southern
|
Batting: RHB Mike Sonn
|
0-0: Ball 1-0: Ground out 5-3 (Groundball, 5S, EV 67.5 MPH)
|
Batting: RHB Torquato Obawole
|
0-0: Called Strike 0-1: Ball 1-1: Ball 2-1: Swinging Strike 2-2: Foul Ball, location: 2F 2-2: Foul Ball, location: 2F 2-2: Fly out, F7 (Flyball, 78XD, EV 98.1 MPH)
|
Batting: RHB Bill de Jesus
|
0-0: Ball 1-0: Called Strike 1-1: Ball 2-1: Called Strike 2-2: Strikes out looking
|
Bottom of the 2nd over - 0 runs, 0 hits, 0 errors, 0 left on base; Albuquerque 0 - New Orleans 0 |
TOP OF THE 3RD |
Albuquerque Isotopes batting - Pitching for New Orleans Zephyrs : RHP Earl Shepherd
|
Batting: LHB Enrique Andrade
|
0-0: Ball 1-0: Ball 2-0: Ball 3-0: Ground out 4-3 (Groundball, 4M, EV 85.0 MPH)
|
Batting: RHB Jason Gee
|
0-0: Fly out, F8 (Flyball, 78XD, EV 91.9 MPH)
|
Batting: LHB Alan Bianchard
|
0-0: Foul Ball, location: 2F 0-1: Foul Ball, location: 2F 0-2: Foul Ball, location: 2F 0-2: Strikes out looking
|
Top of the 3rd over - 0 runs, 0 hits, 0 errors, 0 left on base; Albuquerque 0 - New Orleans 0 |
BOTTOM OF THE 3RD |
New Orleans Zephyrs batting - Pitching for Albuquerque Isotopes : RHP Travis Southern
|
Batting: LHB Luis Aguilar
|
0-0: Called Strike 0-1: Ball 1-1: Bunt missed! 1-2: Ground out 4-3 (Groundball, 4, EV 86.9 MPH)
|
Batting: RHB Jesus Castillo
|
0-0: Ground out 5-3 (Groundball, 56S, EV 88.8 MPH)
|
Batting: RHB J.J. Barajas
|
0-0: Called Strike 0-1: Swinging Strike 0-2: Foul Ball, location: 2F 0-2: Ball 1-2: SINGLE (Groundball, 6D, EV 100.6 MPH)
|
Batting: LHB Carlos Mosqueda
|
0-0: Ball 1-0: Ball J.J. Barajas steals 2nd base 2-0: Ball 3-0: Called Strike 3-1: Called Strike 3-2: Fly out, F8 (Flyball, 8LD, EV 99.4 MPH)
|
Bottom of the 3rd over - 0 runs, 1 hit, 0 errors, 1 left on base; Albuquerque 0 - New Orleans 0 |
TOP OF THE 4TH |
Albuquerque Isotopes batting - Pitching for New Orleans Zephyrs : RHP Earl Shepherd
|
Batting: RHB Ron Johansen
|
0-0: Called Strike 0-1: Swinging Strike 0-2: Ball 1-2: Ball 2-2: Strikes out looking
|
Batting: LHB Katsunan Akimoto
|
0-0: Called Strike 0-1: Called Strike 0-2: Ball 1-2: Ball 2-2: Foul Ball, location: 2F 2-2: Ground out 4-3 (Groundball, 4, EV 110.0 MPH)
|
Batting: LHB Tetsuya Oba
|
0-0: Called Strike 0-1: Ball 1-1: Ground out 4-3 (Groundball, 4, EV 100.6 MPH)
|
Top of the 4th over - 0 runs, 0 hits, 0 errors, 0 left on base; Albuquerque 0 - New Orleans 0 |
BOTTOM OF THE 4TH |
New Orleans Zephyrs batting - Pitching for Albuquerque Isotopes : RHP Travis Southern
|
Batting: RHB Alex Gomez
|
0-0: Ball 1-0: Called Strike 1-1: Fly out, F7 (Flyball, 7S, EV 86.2 MPH)
|
Batting: RHB Alex Ramirez
|
0-0: Ball 1-0: Fly out, F9 (Flyball, 9, EV 85.6 MPH)
|
Batting: RHB Mike Sonn
|
0-0: Ground out 5-3 (Groundball, 56, EV 101.2 MPH)
|
Bottom of the 4th over - 0 runs, 0 hits, 0 errors, 0 left on base; Albuquerque 0 - New Orleans 0 |
TOP OF THE 5TH |
Albuquerque Isotopes batting - Pitching for New Orleans Zephyrs : RHP Earl Shepherd
|
Batting: RHB Mike Ball
|
0-0: Called Strike 0-1: Called Strike 0-2: Strikes out swinging
|
Batting: RHB Carlos Salazar
|
0-0: Ball 1-0: Ball 2-0: Foul Ball, location: 2F 2-1: Swinging Strike 2-2: Strikes out looking
|
Batting: RHB Bobby Heagle
|
0-0: Fly out, F3 (Popup, 3SF, EV 70.6 MPH)
|
Top of the 5th over - 0 runs, 0 hits, 0 errors, 0 left on base; Albuquerque 0 - New Orleans 0 |
BOTTOM OF THE 5TH |
New Orleans Zephyrs batting - Pitching for Albuquerque Isotopes : RHP Travis Southern
|
Batting: RHB Torquato Obawole
|
0-0: Ball 1-0: Ball 2-0: SINGLE (Groundball, 6MD, EV 88.8 MPH) (infield hit)
|
Batting: RHB Bill de Jesus
|
0-0: Called Strike Torquato Obawole is caught stealing 2nd base 2-4 0-1: Swinging Strike 0-2: Strikes out swinging
|
Batting: LHB Luis Aguilar
|
0-0: Ball 1-0: Called Strike 1-1: Ground out 4-3 (Groundball, 4, EV 105.6 MPH)
|
Bottom of the 5th over - 0 runs, 1 hit, 0 errors, 0 left on base; Albuquerque 0 - New Orleans 0 |
TOP OF THE 6TH |
Albuquerque Isotopes batting - Pitching for New Orleans Zephyrs : RHP Earl Shepherd
|
Batting: LHB Enrique Andrade
|
0-0: Called Strike 0-1: Called Strike 0-2: Ball 1-2: Ball 2-2: Strikes out swinging
|
Batting: RHB Jason Gee
|
0-0: Ball 1-0: Swinging Strike 1-1: Ball 2-1: Ground out 6-3 (Groundball, 6, EV 102.5 MPH)
|
Batting: LHB Alan Bianchard
|
0-0: Foul Ball, location: 2F 0-1: Foul Ball, location: 2F 0-2: Foul Ball, location: 2F 0-2: Ball 1-2: Strikes out swinging
|
Top of the 6th over - 0 runs, 0 hits, 0 errors, 0 left on base; Albuquerque 0 - New Orleans 0 |
BOTTOM OF THE 6TH |
New Orleans Zephyrs batting - Pitching for Albuquerque Isotopes : RHP Travis Southern
|
Batting: RHB Jesus Castillo
|
0-0: Ball 1-0: Foul Ball, location: 2F 1-1: Ball 2-1: SINGLE (Line Drive, 7S, EV 101.2 MPH)
|
Batting: RHB J.J. Barajas
|
0-0: Foul Ball, location: 2F 0-1: Ball Wild Pitch! Jesus Castillo to second 1-1: SINGLE (Groundball, 56D, EV 94.4 MPH) Jesus Castillo to third Runner from 3rd tries for Home, SAFE, throw by LF to home
|
Batting: LHB Carlos Mosqueda
|
0-0: SINGLE (Groundball, 6D, EV 111.2 MPH) J.J. Barajas to second
|
Batting: RHB Alex Gomez
|
0-0: Hit by Pitch J.J. Barajas to third Carlos Mosqueda to second
|
Batting: RHB Alex Ramirez
|
0-0: Called Strike 0-1: Ball 1-1: Ball 2-1: Fly out, F7 (Flyball, 7LM, EV 103.1 MPH) Runner from 3rd tags up, SCORES, throw by LF
|
Batting: RHB Mike Sonn
|
0-0: Ball 1-0: Grounds into double play, 6-4-3 (Groundball, 56, EV 91.2 MPH)
|
Bottom of the 6th over - 2 runs, 3 hits, 0 errors, 1 left on base; Albuquerque 0 - New Orleans 2 |
TOP OF THE 7TH |
Albuquerque Isotopes batting - Pitching for New Orleans Zephyrs : RHP Earl Shepherd
|
Batting: RHB Ron Johansen
|
0-0: Foul Ball, location: 2F 0-1: Fly out, F7 (Flyball, 7LS, EV 80.6 MPH)
|
Batting: LHB Katsunan Akimoto
|
0-0: Ball 1-0: Ball 2-0: Ball 3-0: Base on Balls
|
Batting: LHB Tetsuya Oba
|
0-0: Foul Ball, location: 2F 0-1: Ball 1-1: Fielders Choice at 2nd, 5-4 (Groundball, 56S, EV 80.0 MPH)
|
Batting: RHB Mike Ball
|
0-0: Called Strike 0-1: Ball Tetsuya Oba steals 2nd base (no throw) 1-1: Ball 2-1: Foul Ball, location: 2F 2-2: Ball 3-2: Fly out, F3 (Popup, 3S, EV 79.4 MPH)
|
Top of the 7th over - 0 runs, 0 hits, 0 errors, 1 left on base; Albuquerque 0 - New Orleans 2 |
BOTTOM OF THE 7TH |
New Orleans Zephyrs batting - Pitching for Albuquerque Isotopes : RHP Travis Southern
|
Batting: RHB Torquato Obawole
|
0-0: Ground out 4-3 (Groundball, 4, EV 83.1 MPH)
|
Batting: RHB Bill de Jesus
|
0-0: Foul Ball, location: 2F 0-1: Ball 1-1: SINGLE (Line Drive, 89M, EV 101.9 MPH)
|
Batting: LHB Luis Aguilar
|
0-0: Ball 1-0: Ball 2-0: Foul Ball, location: 2F 2-1: Called Strike 2-2: Ball 3-2: Fly out, F6 (Popup, 6M, EV 52.5 MPH)
|
Batting: RHB Jesus Castillo
|
0-0: Called Strike 0-1: Swinging Strike 0-2: Strikes out looking
|
Bottom of the 7th over - 0 runs, 1 hit, 0 errors, 1 left on base; Albuquerque 0 - New Orleans 2 |
TOP OF THE 8TH |
Albuquerque Isotopes batting - Pitching for New Orleans Zephyrs : RHP Earl Shepherd
|
Batting: RHB Carlos Salazar
|
0-0: Foul Ball, location: 2F 0-1: Ball 1-1: SINGLE (Line Drive, 8RS, EV 88.1 MPH)
|
Batting: RHB Bobby Heagle
|
0-0: Called Strike 0-1: Swinging Strike 0-2: Ball 1-2: Ball 2-2: Ball 3-2: Strikes out looking
|
Batting: LHB Enrique Andrade
|
0-0: Ball 1-0: Ball 2-0: Foul Ball, location: 2F 2-1: Ball 3-1: Fielders Choice at 2nd, 6-4 (Groundball, 6M, EV 78.8 MPH)
|
Batting: RHB Jason Gee
|
0-0: Ball 1-0: Ball 2-0: Ball 3-0: Fly out, F8 (Line Drive, 8LM, EV 90.6 MPH)
|
Top of the 8th over - 0 runs, 1 hit, 0 errors, 1 left on base; Albuquerque 0 - New Orleans 2 |
BOTTOM OF THE 8TH |
New Orleans Zephyrs batting - Pitching for Albuquerque Isotopes : RHP Travis Southern
|
Batting: RHB J.J. Barajas
|
0-0: Ball 1-0: Fly out, F4 (Flyball, 4MD, EV 83.1 MPH)
|
Batting: LHB Carlos Mosqueda
|
0-0: Called Strike 0-1: Ground out 5-3 (Groundball, 5, EV 91.9 MPH)
|
Batting: RHB Alex Gomez
|
0-0: Fly out, F9 (Flyball, 9, EV 88.8 MPH)
|
Bottom of the 8th over - 0 runs, 0 hits, 0 errors, 0 left on base; Albuquerque 0 - New Orleans 2 |
TOP OF THE 9TH |
Albuquerque Isotopes batting - Pitching for New Orleans Zephyrs : RHP Earl Shepherd
|
Pitching: RHP Alex Garza
|
|
Batting: LHB Alan Bianchard
|
0-0: Called Strike 0-1: Foul Ball, location: 2F 0-2: Strikes out looking
|
Batting: RHB Ron Johansen
|
0-0: Ball 1-0: Called Strike 1-1: Ball 2-1: Ball 3-1: Foul Ball, location: 2F 3-2: Strikes out swinging
|
Batting: LHB Katsunan Akimoto
|
0-0: Ball 1-0: Fly out, F5 (Line Drive, 5, EV 66.9 MPH)
|
Top of the 9th over - 0 runs, 0 hits, 0 errors, 0 left on base; Albuquerque 0 - New Orleans 2 |
|